 Dungeon Crawl Stone Soup version 0.29-a0-997-gf6f7e2dfe7 (webtiles) character file.

Game seed: 16805609016935455867

273 Newt the Insei (level 6, -4/38 HPs)
             Began as an Octopode Transmuter on Aug 4, 2022.
             Slain by a scorpion (7 damage)
             ... on level 4 of the Dungeon.
             The game lasted 00:05:14 (4603 turns).

Newt the Insei (Octopode Transmuter)                Turns: 4603, Time: 00:05:15

Health: -4/38      AC:  1    Str: 11    XL:     6   Next: 23%
Magic:  7/9        EV: 13    Int: 21    God:
Gold:   86         SH:  0    Dex: 13    Spells: 7/10 levels left

rFire   . . .      SeeInvis .   c - staff of cold
rCold   + . .      Faith    .   (no shield)
rNeg    . . .      Spirit   .   (helmet currently unavailable)
rPois   .          Reflect  .   (no amulet)
rElec   .          Harm     .   b - +6 ring of intelligence
rCorr   .          Rampage  .   (no ring)
Will    .....                   (no ring)
Stlth   +++.......              (no ring)
HPRegen 0.12/turn               (no ring)
MPRegen 0.11/turn               (no ring)
                                (no ring)
                                (no ring)

@: lethally poisoned (-4 -> -19), appendages (expiring), wereblooded
A: tentacle spike 3, almost no armour, amphibious, 8 rings, camouflage 1,
gelatinous body 1, (nimble swimmer 1), tentacles
a: End Transformation


You were on level 4 of the Dungeon.
One of your tentacles had grown a beastly spike.
You visited 1 branch of the dungeon, and saw 4 of its levels.

You collected 86 gold pieces.

Inventory:

Hand Weapons
 m - a +4 quarterstaff of chaos
Magical Staves
 c - a staff of cold (weapon)
Jewellery
 b - a +6 ring of intelligence (left tentacle)
Scrolls
 d - 2 scrolls of immolation
 j - a scroll of enchant weapon {unknown}
Potions
 a - 2 potions of lignification
 e - 2 potions of resistance
 f - 2 potions of haste
 g - a potion of might {unknown}
 h - a potion of flight {unknown}
 i - a potion of curing
 k - a potion of degeneration {unknown}
 l - a potion of mutation {unknown}
 n - a potion of brilliance {unknown}
 o - a potion of ambrosia {unknown}


   Skills:
 + Level 1.4 Fighting
 * Level 2.1 Staves
 + Level 3.0 Dodging
 + Level 2.8 Stealth
 + Level 3.2 Unarmed Combat
 + Level 2.5 Spellcasting
 + Level 2.4 Transmutations
 * Level 2.2 Ice Magic
 * Level 2.0 Evocations


You had 7 spell levels left.
You knew the following spells:

 Your Spells              Type           Power      Damage    Failure   Level
a - Beastly Appendage     Tmut           24%        N/A       5%          1
b - Wereblood             Tmut           12%        N/A       8%          2

Your spell library contained the following spells:

 Spells                   Type           Power      Damage    Failure   Level
 Spider Form              Tmut/Pois      7%         N/A       26%         3
 Ice Form                 Ice/Tmut       18%        N/A       47%         4


Dungeon Overview and Level Annotations

Branches:
Dungeon (4/15)
 Temple: D:4-7

Altars:
Ashenzari
Sif Muna

Shops:
D:4 (


Innate Abilities, Weirdness & Mutations

One of your tentacles has grown a beastly spike.
You cannot wear most types of armour.
You are amphibious.
You can wear up to eight rings at the same time.
Your skin changes colour to match your surroundings (Stealth+).
Your rubbery body absorbs attacks. (AC +1, EV +1)
((You are camouflaged when in or above water. (Stealth+)))
You have tentacles for arms and can constrict up to eight enemies at once.


Message History

Your blood is infused with primal strength.
Found Ahinaing's Weapon Emporium.
Your transformation is almost over.
The scorpion misses you. The scorpion stings you.
You are poisoned.
The scorpion poisons you!
You hit the scorpion but do no damage. Your grab misses the scorpion.
You feel very sick. The scorpion stings you.
You are more poisoned.
The scorpion poisons you!
You hit the scorpion but do no damage. You grab the scorpion.
You pierce the scorpion, but do no damage.
You constrict the scorpion.
You feel very sick. The scorpion barely misses you.
You hit the scorpion. You freeze the scorpion.
You pierce the scorpion.
The scorpion is heavily wounded.
You constrict the scorpion, but do no damage.
You feel very sick. The scorpion barely misses you. The scorpion stings you.
You are lethally poisoned!
The scorpion poisons you!
You are too injured to fight recklessly!
You are too injured to fight recklessly!
You barely miss the scorpion.
You pierce the scorpion, but do no damage.
The scorpion is heavily wounded.
You constrict the scorpion, but do no damage.
* * * LOW HITPOINT WARNING * * *
You feel very sick. The scorpion barely misses you.
You hit the scorpion but do no damage.
You pierce the scorpion, but do no damage.
The scorpion is heavily wounded.
You constrict the scorpion.
* * * LOW HITPOINT WARNING * * *
You feel very sick. The scorpion stings you!
You die...

#.###...........
..##..............
........<..........
...###.##...†......
... ##. #..........
....#..##..........
.......#...^......#
..................#
.h.....@###.###....
.....#.s# #.# #.#.
.... ##.# ..# ##
... ... .. .. ... .
. .†).. .....
...∩...


You could see a scorpion and a howler monkey (asleep).

Vanquished Creatures
  Crazy Yiuf (D:2)
  An iguana (D:3)
  Natasha (twice) (D:3)
  Robin (D:2)
  5 adders
  A gnoll (D:1)
  5 worms
  A dart slug (D:2)
  3 ball pythons
  8 bats
  6 endoplasms
  8 giant cockroaches
  9 goblins
  7 hobgoblins
  7 kobolds
  7 quokkas
  2 frilled lizards
  7 rats
81 creatures vanquished.

Vanquished Creatures (others)
  2 plants (D:1)
2 creatures vanquished.

Grand Total: 83 creatures vanquished

Notes
Turn   | Place    | Note
-------+----------+-------------------------------------------
     0 | D:1      | Newt the Octopode Transmuter began the quest for the Orb.
     0 | D:1      | Reached XP level 1. HP: 13/13 MP: 3/3
   267 | D:1      | Reached XP level 2. HP: 14/18 MP: 5/5
   720 | D:1      | Learned a level 2 spell: Wereblood
   960 | D:1      | Reached XP level 3. HP: 20/23 MP: 2/6
  1162 | D:1      | Found a faded altar of an unknown god.
  1169 | D:1      | Reached skill level 1 in Stealth
  1399 | D:2      | Reached skill level 1 in Ice Magic
  1527 | D:2      | Reached skill level 1 in Staves
  1527 | D:2      | Reached XP level 4. HP: 6/28 MP: 5/7
  1950 | D:2      | Reached skill level 1 in Evocations
  2270 | D:2      | Found a runed translucent door.
  2271 | D:2      | Noticed Crazy Yiuf
  2293 | D:2      | Noticed Robin
  2322 | D:2      | HP: 2/42 [Robin/+0 club (2)]
  2328 | D:2      | Killed Robin
  3031 | D:2      | Reached XP level 5. HP: 24/33 MP: 6/8
  3266 | D:2      | Killed Crazy Yiuf
  3477 | D:3      | Found a broken altar of Ashenzari.
  3626 | D:3      | Noticed Natasha
  3636 | D:3      | Killed Natasha
  3728 | D:3      | Noticed Natasha
  3734 | D:3      | Killed Natasha
  3886 | D:3      | Reached XP level 6. HP: 38/38 MP: 7/9
  3980 | D:3      | Found a shimmering blue altar of Sif Muna.
  4598 | D:4      | Found Ahinaing's Weapon Emporium.
  4603 | D:4      | Slain by a scorpion

Illustrated notes

Levels and vault maps discovered:
D:1:      psy_arrival_statuary, layout_basic, serial_forest,
          infiniplex_forest_lined_room_2, infiniplex_forest_corner_1,
          infiniplex_forest_clump_diagonal, infiniplex_forest_clump_tiny,
          infiniplex_forest_corner_1, infiniplex_forest_zigzag_1,
          infiniplex_forest_clump_tiny, hellmonk_ecumenical_altar_prayer_group
D:2:      layout_loops_ring, uniq_crazy_yiuf_cottage, uniq_robin
D:3:      minmay_evil_eye, layout_basic, lemuel_blue_sif_altar,
          ashenzari_altar_1, minivault_23, uniq_natasha
D:4:      layout_cave_pools, serial_shops, nicolae_shop_bloodbath_and_beyond,
          nicolae_shop_behind_doors, bh_walls_and_bars, uniq_ijyb, uniq_menkaure

Skill      XL: |  1  2  3  4  5  6 |
---------------+-------------------+-----
Stealth        | 1 2 |  2.8
Ice Magic      | 1 2 |  2.2
Staves         | 1 2 |  2.1
Evocations     | 1 2 |  2.0
Dodging        | 3 |  3.0
Fighting       | |  1.4
Unarmed Combat | |  3.2
Spellcasting   | |  2.5
Transmutations | |  2.4

Action                   |  1- 3 |  4- 6 || total
-------------------------+-------+-------++-------
Melee: Staff             |    80 |   125 ||   205
       Tentacles         |    13 |    24 ||    37
       Unarmed           |     5 |       ||     5
       Constrict         |    27 |    27 ||    54
       Punch             |     2 |     2 ||     4
       Kick              |    10 |    20 ||    30
 Cast: Beastly Appendage |     5 |    11 ||    16
       Wereblood         |     3 |     6 ||     9
  Use: Scroll            |     3 |       ||     3
       Potion            |       |     3 ||     3
 Stab: Sleeping          |     8 |     9 ||    17
Armor: Skin              |     6 |    62 ||    68
Dodge: Dodged            |    58 |    56 ||   114

Table legend: (Time is in decaauts)
 A = Elapsed time spent in this place.
 B = Non-inter-level travel time spent in this place.
 C = Inter-level travel time spent in this place.
 D = Time resting spent in this place.
 E = Time spent auto-exploring this place.
 F = Levels seen in this place.
 G = Mean time per level.
                   A        B        C        D        E       F      G
               +--------+--------+--------+--------+--------+-----+--------+
         Total |   4612 |   4436 |    176 |    698 |   3179 |   4 | 1153.0 |
       Dungeon |   4612 |   4436 |    176 |    698 |   3179 |   4 | 1153.0 |
               +--------+--------+--------+--------+--------+-----+--------+

Top non-repeatable levels by time:
     D:2: 2030 daAuts
     D:1: 1400 daAuts
     D:3: 1160 daAuts
     D:4: 20 daAuts
